 Dungeon Crawl Stone Soup version 0.29.1-12-g30fa7ad0bf (webtiles) character file.

Game seed: 7623022505024934160

26 mopl the Sneak (level 3, -2/24 HPs)
             Began as an Octopode Brigand on Dec 29, 2022.
             Slain by an adder (3 damage)
             ... on level 2 of the Dungeon.
             The game lasted 00:01:00 (786 turns).

mopl the Sneak (Octopode Brigand)                    Turns: 786, Time: 00:01:00

Health: -2/24      AC:  1    Str: 10    XL:     3   Next: 8%
Magic:  3/3        EV: 13    Int: 15    God:
Gold:   47         SH:  0    Dex: 13    Spells: 2/2 levels left

rFire   . . .      SeeInvis .   a - +2 dagger
rCold   . . .      Faith    .   d - orb {mayhem}
rNeg    . . .      Spirit   .   (helmet restricted)
rPois   .          Reflect  .   (no amulet)
rElec   .          Harm     .   (no ring)
rCorr   .          Rampage  .   (no ring)
Will    .....                   (no ring)
Stlth   ++++......              (no ring)
HPRegen 0.08/turn               (no ring)
MPRegen 0.08/turn               (no ring)
                                (no ring)
                                (no ring)

@: lethally poisoned (-2 -> -5)
A: almost no armour, amphibious, 8 rings, camouflage 1, gelatinous body 1,
(nimble swimmer 1), tentacles
a: no special abilities


You were on level 2 of the Dungeon.
You visited 1 branch of the dungeon, and saw 2 of its levels.

You collected 47 gold pieces.

Inventory:

Hand Weapons
 a - a +2 dagger (weapon)
Missiles
 b - 9 poisoned darts (quivered)
 c - 3 curare-tipped darts
Armour
 d - an orb of mayhem (worn)
Scrolls
 h - a scroll of butterflies {unknown}
 i - a scroll of enchant weapon {unknown}
Potions
 e - a potion of lignification {unknown}
 f - a potion of mutation {unknown}
 g - a potion of degeneration {unknown}


   Skills:
 - Level 2.0 Fighting
 + Level 2.4 Short Blades
 + Level 2.4 Throwing
 + Level 1.6 Dodging
 + Level 5.7 Stealth


You had 2 spell levels left.
You didn't know any spells.
Your spell library contained the following spells:

 Spells                   Type           Power      Damage    Failure   Level
 Call Imp                 Summ           0%         N/A       38%         2
 Summon Hydra             Summ           0%         N/A       100%        7
 Dragon's Call            Summ           0%         N/A       100%        9


Dungeon Overview and Level Annotations

Branches:
Dungeon (2/15)

Altars:


Innate Abilities, Weirdness & Mutations

You cannot wear most types of armour.
You are amphibious.
You can wear up to eight rings at the same time.
Your skin changes colour to match your surroundings (Stealth+).
Your rubbery body absorbs attacks. (AC +1, EV +1)
((You are camouflaged when in or above water. (Stealth+)))
You have tentacles for arms and can constrict up to eight enemies at once.


Message History

You hit the worm.
The worm is heavily wounded.
You constrict the worm. The worm completely misses you.
You hit the worm.
The worm is heavily wounded.
You constrict the worm. The worm bites you!
You are too injured to fight recklessly!
You are too injured to fight recklessly!
You hit the worm.
The worm is severely wounded.
You constrict the worm. The worm closely misses you.
You hit the worm.
The worm is almost dead.
You constrict the worm.
You kill the worm!
The adder flies into a frenzy!
The adder misses the frilled lizard.
You have reached level 3!
Your experience leads to an increase in your attributes!
Increase (S)trength, (I)ntelligence, or (D)exterity?
You feel clever. x2
The adder barely misses the frilled lizard.
The adder barely misses something.
The adder bites something.
Something misses the adder.
The frilled lizard bites you.
The adder bites something.
You feel a bit more experienced.
You hit the frilled lizard.
You kill the frilled lizard!
The adder hisses angrily.
The adder misses you.
You closely miss the adder. Your grab misses the adder.
Your squeeze misses the adder. The adder bites you.
* * * LOW HITPOINT WARNING * * *
You are poisoned.
The adder poisons you! The adder barely misses you.
You hit the adder. You grab the adder.
The adder is lightly wounded.
You constrict the adder.
You feel sick. The adder bites you.
* * * LOW HITPOINT WARNING * * *
The adder bites you.
You die...

##############
#.............
######.###.#..~P..P
#.......##.#..gPPP.
..#..<)...##†.# ≈..
..........#..S# ...~
..........#..@# .P⌠⌠.
#.#......<#.P.#P..[..
#.......#....#
#.......#..†P#
####.####....# #.
#..P.. #. #...†.# ..
..##... # ### ####


You could see a neutral adder (fast, strong, insane).

Vanquished Creatures
  A worm (D:2)
  A dart slug (D:1)
  A bat (D:1)
  A goblin (D:1)
  3 hobgoblins (D:1)
  3 kobolds
  3 quokkas (D:1)
  2 frilled lizards
  2 rats (D:2)
17 creatures vanquished.

Vanquished Creatures (collateral kills)
  A goblin (D:2)
  A ball python (D:2)
2 creatures vanquished.

Grand Total: 19 creatures vanquished

Notes
Turn   | Place    | Note
-------+----------+-------------------------------------------
     0 | D:1      | mopl the Octopode Brigand began the quest for the Orb.
     0 | D:1      | Reached XP level 1. HP: 14/14 MP: 1/1
   317 | D:1      | Reached XP level 2. HP: 11/19 MP: 2/2
   536 | D:1      | Got the Spellbook of Generation
   781 | D:2      | Reached XP level 3. HP: 10/24 MP: 3/3
   786 | D:2      | HP: 1/24 [adder (5)]
   786 | D:2      | Slain by an adder

Illustrated notes

Levels and vault maps discovered:
D:1:      dpeg_arrival_tiny_f, layout_loops_ring, dk_noncrumbling_2
D:2:      layout_loops_ring, shapermc_ecumenical_altar_mp_ritualfount,
          grunt_ministairs_15

Action                   || total
-------------------------++-------
Melee: Dagger            ||    31
       Constrict         ||     6
       Tentacles         ||     3
 Stab: Sleeping          ||     8
Armor: Skin              ||     1
Dodge: Dodged            ||    18
